 Dungeon Crawl Stone Soup version 0.31-a0-210-gccc998df9b (webtiles) character file.

Game seed: 3297879191408774730

521 qw the Chopper (level 7, 0/43 HPs)
             Began as a Gargoyle Fighter on June 29, 2023.
             Killed by nerve-wracking pain
             ... invoked by Grinder
              (5 damage)
             ... on level 4 of the Dungeon.
             The game lasted 00:01:22 (3362 turns).

qw the Chopper (Gargoyle Fighter)                   Turns: 3362, Time: 00:01:23

Health: 0/43       AC: 16    Str: 22    XL:     7   Next: 21%
Magic:  7/7        EV:  8    Int:  8    God:
Gold:   39         SH:  4    Dex:  9    Spells: 6/6 levels left

rFire   . . .        Y - +0 war axe
rCold   . . .        c - +0 buckler
rNeg    + . .        i - +0 chain mail
rPois   inf          h - +0 helmet
rElec   +            (no cloak)
rCorr   .            q - +0 pair of gloves
SInv    .            (no boots)
Will    .....        (no amulet) Stlth
                     (no ring)
HPRegen 0.27/turn    (no ring)
MPRegen 0.10/turn

%: no passive effects
@: no status effects
A: sickness immunity, AC +4, negative energy resistance 1, electricity
resistance, torment resistance 1, petrification resistance
a: no special abilities


You were on level 4 of the Dungeon.
You visited 1 branch of the dungeon, and saw 4 of its levels.

You collected 102 gold pieces.
You spent 63 gold pieces at shops.


Innate Abilities, Weirdness & Mutations

You are immune to sickness and miasma.
Your stone body is resilient. (AC +4)
You are immune to poison.
You resist negative energy. (rN+)
You are resistant to electric shocks. (rElec)
You are resistant to unholy torment.
You are immune to petrification.


   Skills:
 - Level 4.1 Fighting
 + Level 6.5 Axes
 - Level 3.2 Armour
 - Level 1.0 Dodging
 - Level 3.2 Shields


You had 6 spell levels left.
You didn't know any spells.
Your spell library was empty.

Inventory:

Hand Weapons
 r - a +0 flail
 Y - a +0 war axe (weapon)
Missiles
 m - 4 boomerangs (quivered)
Armour
 c - a +0 buckler (worn)
 h - a +0 helmet (worn)
 i - a +0 chain mail (worn)
 q - a +0 pair of gloves (worn)
Scrolls
 a - 2 scrolls of identify
Potions
 d - a potion of might
 e - a potion of degeneration {unknown}
 g - a potion of ambrosia {unknown}
 j - a potion of heal wounds {unknown}
 n - a potion of enlightenment {unknown}
 o - a potion of mutation {unknown}
 p - a potion of haste {unknown}

Dungeon Overview and Level Annotations

Branches:
Dungeon (4/15)
 Temple: D:4-7

Altars:
Ashenzari
Cheibriados
Qazlal

Shops:
D:2 [=

Annotations:
D:2 2 transporters
D:4 Grinder


Message History

Enter note:
Enter note:
Enter note: Grinder says, "At least Makhleb appreciates what I'm doing."
You block Grinder's attack.
You barely miss Grinder.
Grinder is severely wounded.
Grinder blinks!
Grinder hits you but does no damage.
You hit Grinder.
Grinder is severely wounded.
Grinder closely misses you. Grinder gestures at you.
Pain shoots through your body!
You closely miss Grinder.
Grinder is severely wounded.
Grinder hits you but does no damage.
You barely miss Grinder.
Grinder is severely wounded.
Grinder blinks!
Grinder gestures at you.
You suddenly lose the ability to move!
Grinder gestures at you. Pain shoots through your body!
You can move again.
Enter note:
Enter note:
Enter note: You barely miss Grinder.
Grinder is severely wounded.
Grinder hits you but does no damage.
You completely miss Grinder.
Grinder is severely wounded.
Grinder gestures at you. You resist with significant effort.
Grinder closely misses you.
You hit Grinder.
Grinder is severely wounded.
Grinder gestures at you. Pain shoots through your body!
You die...

.# ..## 7 #..######## ..
#...#.....# ..7#.........#
..'.........# #......5..#
#......@..# #.........#
##.........#
##+###....#.....##### ####.)
..........#######...##...#..
.#.###.### ##.....[...... ..
#..#######............#
#..####%###...).............#
............####............#


You could see Grinder.

Vanquished Creatures
  A water moccasin (D:3)
  A black bear (D:4)
  Blork the orc (D:4)
  An orc priest (D:3)
  A jelly (D:4)
  A hound (D:3)
  Ijyb (D:3)
  5 gnolls
  2 adders
  6 dart slugs
  4 orcs (D:3)
  3 ball pythons
  4 endoplasms
  2 giant cockroaches
  7 goblins
  6 hobgoblins
  4 jackals (D:3)
  4 quokkas
  4 bats
  3 frilled lizards
  5 kobolds (D:3)
  6 rats
72 creatures vanquished.

Notes
Turn   | Place    | Note
-------+----------+-------------------------------------------
     0 | D:1      | qw the Gargoyle Fighter began the quest for the Orb.
     0 | D:1      | Reached XP level 1. HP: 14/14 MP: 1/1
     0 | D:1      | 0 ||| qw: Version: 0.3-a-24-ga2abf7b
     0 | D:1      | 0 ||| qw: Game counter: 6985
     0 | D:1      | 0 ||| qw: Melee chars always use a shield: true
     0 | D:1      | 0 ||| qw: God list: Okawaru
     0 | D:1      | 0 ||| qw: Allow faded altars: false
     0 | D:1      | 0 ||| qw: Do Orc after clearing Dungeon:15 true
     0 | D:1      | 0 ||| qw: Do second Lair branch before Depths: true
     0 | D:1      | 0 ||| qw: Lair rune preference: random
     0 | D:1      | 0 ||| qw: Goals: Normal, Zot:1-4, Slime:5, God:TSO, Crypt,
                  | Tomb, Abyss, Pan, Hells, Win
     0 | D:1      | 0 ||| PLANNING D:1-11
   267 | D:1      | Reached skill level 2 in Axes
   486 | D:1      | 486 ||| Stepping ~*~*~tactically~*~*~ (hiding).
   488 | D:1      | 488 ||| Stepping ~*~*~tactically~*~*~ (hiding).
   676 | D:1      | Reached XP level 2. HP: 19/19 MP: 2/2
   933 | D:1      | 933 ||| READING 2 scrolls labelled DAINED LEK HUI.
   934 | D:1      | 934 ||| READING scroll labelled FALIBL OVUCU.
   935 | D:1      | 935 ||| READING scroll labelled CELYUN SIEMATY.
   936 | D:1      | 936 ||| READING scroll labelled JOCOEDU SYOCK.
   937 | D:1      | 937 ||| READING scroll labelled ROINIE AMI SAUROH.
   938 | D:1      | 938 ||| READING scroll labelled RICAMU MABRA.
   960 | D:2      | 960 ||| Stepping ~*~*~tactically~*~*~ (hiding).
  1043 | D:2      | Found a transporter.
  1047 | D:2      | Found Vuxexao's Jewellery Shop.
  1215 | D:2      | Reached skill level 3 in Axes
  1242 | D:2      | Reached XP level 3. HP: 21/23 MP: 3/3
  1333 | D:2      | 1333 ||| Stepping ~*~*~tactically~*~*~ (hiding).
  1602 | D:2      | Found Gueczah's Armour Emporium.
  1610 | D:2      | 1610 ||| BUYING +0 helmet (63 gold).
  1610 | D:2      | Bought a +0 helmet for 63 gold pieces
  1610 | D:2      | 1610 ||| SHOPLISTING +0 kite shield (63 gold, have 3).
  1610 | D:2      | 1610 ||| SHOPLISTING +0 plate armour (322 gold, have 3).
  1610 | D:2      | 1610 ||| SHOPLISTING +1 leather armour of cold resistance
                  | (196 gold, have 3).
  1651 | D:2      | Found a transporter.
  1745 | D:2      | 1745 ||| UPGRADING to +0 helmet.
  1750 | D:2      | 1750 ||| READING scroll labelled KOANATS WORCH.
  1794 | D:3      | Noticed Ijyb
  1802 | D:3      | Killed Ijyb
  1994 | D:3      | Found a snail-covered altar of Cheibriados.
  1996 | D:3      | Reached XP level 4. HP: 28/28 MP: 4/4
  2073 | D:3      | 2073 ||| DROPPING +0 club.
  2195 | D:3      | Noticed a water moccasin
  2208 | D:3      | Reached skill level 4 in Axes
  2212 | D:3      | Reached XP level 5. HP: 29/32 MP: 5/5
  2219 | D:3      | Killed a water moccasin
  2220 | D:3      | Reached skill level 5 in Axes
  2220 | D:3      | Reached XP level 6. HP: 26/37 MP: 6/6
  2375 | D:3      | Found a stormy altar of Qazlal.
  2417 | D:3      | 2417 ||| Stepping ~*~*~tactically~*~*~ (hiding).
  2624 | D:3      | Found a broken altar of Ashenzari.
  2628 | D:3      | Saw a vision of the Shoals and the Spider Nest.
  2628 | D:3      | Noticed a torpor snail
  2628 | D:3      | Noticed a merfolk
  2628 | D:3      | Noticed a radroach
  2628 | D:3      | Noticed a demonic crawler
  2628 | D:3      | Noticed a tarantella
  2628 | D:3      | Noticed a moth of wrath
  2628 | D:3      | Noticed a merfolk siren
  2628 | D:3      | Noticed a snapping turtle
  2628 | D:3      | Noticed a merfolk
  2628 | D:3      | Noticed a harpy
  2628 | D:3      | Noticed a jumping spider
  2628 | D:3      | Noticed a water nymph
  2628 | D:3      | Noticed a jumping spider
  2628 | D:3      | Noticed a pharaoh ant
  2628 | D:3      | Noticed a manticore
  2629 | D:3      | Noticed a water nymph
  2629 | D:3      | Noticed a meliai
  2630 | D:3      | Noticed a wolf spider
  2630 | D:3      | Noticed a pharaoh ant
  2630 | D:3      | Noticed a jorogumo
  2631 | D:3      | Noticed a culicivora
  2633 | D:3      | Noticed a tarantella
  2634 | D:3      | Noticed an entropy weaver
  2636 | D:3      | Noticed a pharaoh ant
  2799 | D:3      | 2799 ||| Stepping ~*~*~tactically~*~*~ (stealth).
  2909 | D:3      | 2909 ||| DROPPING +0 mace.
  2920 | D:3      | 2920 ||| Stepping ~*~*~tactically~*~*~ (stealth).
  2993 | D:3      | 2993 ||| UPGRADING to +0 chain mail.
  3003 | D:3      | 3003 ||| DROPPING +0 scale mail.
  3004 | D:3      | 3004 ||| UPGRADING to +0 pair of gloves.
  3009 | D:3      | 3009 ||| DROPPING ring of flight.
  3010 | D:3      | 3010 ||| READING scroll labelled RAZUYV ASO HEPT.
  3076 | D:4      | Noticed Blork the orc
  3077 | D:4      | 3077 ||| Stepping ~*~*~tactically~*~*~ (hiding).
  3088 | D:4      | Killed Blork the orc
  3089 | D:4      | Reached skill level 6 in Axes
  3108 | D:4      | Reached skill level 1 in Dodging
  3184 | D:4      | 3184 ||| Stepping ~*~*~tactically~*~*~ (hiding).
  3185 | D:4      | 3185 ||| Stepping ~*~*~tactically~*~*~ (hiding).
  3327 | D:4      | Noticed Grinder
  3329 | D:4      | Noticed a black bear
  3341 | D:4      | HP: 4/38 [black bear (7)]
  3342 | D:4      | Killed a black bear
  3343 | D:4      | Reached XP level 7. HP: 5/43 MP: 7/7
  3354 | D:4      | HP: 4/43 [Grinder/nerve-wracking pain (4)]
  3357 | D:4      | Paralysed by Grinder for 3 turns
  3359 | D:4      | HP: 4/43 [Grinder/nerve-wracking pain (2)]
  3362 | D:4      | Killed from afar by Grinder

Levels and vault maps discovered:
D:1:      dpeg_arrival_snail, layout_basic, serial_corexii_hall,
          chequers_hall_statues_wall_a, corexii_hall_statues_x,
          corexii_hall_statues_i, chequers_hall_statues_wall_a,
          corexii_hall_statues_x, corexii_hall_statues_l
D:2:      layout_loops_ring, serial_shops, nicolae_shop_drivethru, shop
D:3:      layout_loops_corners, grunt_ashenzari_visionary
          [grunt_ashenzari_visionary_shoals, grunt_ashenzari_visionary_spider],
          lemuel_tele_altar, kennysheep_slug_shrine, fountainhead,
          minmay_divided_ellipse, uniq_ijyb
D:4:      layout_rooms, kennysheep_another_room, uniq_grinder,
          uniq_blork_the_orc

Skill      XL: |  1  2  3  4  5  6 |
---------------+-------------------+-----
Axes           | 2 3 4 5 6 |  6.5
Fighting       | 4 |  4.1
Dodging        | 1 |  1.0
Armour         | |  3.2
Shields        | |  3.2

Action                     |  1- 3 |  4- 6 |  7- 9 || total
---------------------------+-------+-------+-------++-------
  Melee: War axe           |    67 |   136 |    12 ||   215
  Throw: Boomerang         |       |    23 |       ||    23
    Use: Scroll            |     7 |     1 |       ||     8
 Armour: Scale mail        |    30 |    65 |       ||    95
         Chain mail        |       |    64 |     6 ||    70
  Dodge: Dodged            |    27 |    83 |     3 ||   113
  Block: Buckler           |     7 |    34 |     2 ||    43

Table legend:
 A = Non-vault XP
 B = Vault XP
 C = Vault XP percentage of total XP
 D = Non-vault monster count
 E = Vault monster count
 F = Vault count percentage of total count
                 A         B        C        D         E       F
            +---------+---------+-------+---------+---------+-------
      Total |     398 |     347 |  46.6 |      56 |      16 |  22.2
            +---------+---------+-------+---------+---------+-------
        D:1 |      16 |       0 |   0.0 |       9 |       0 |   0.0
        D:2 |      26 |       0 |   0.0 |      12 |       0 |   0.0
        D:3 |     101 |     256 |  71.7 |      23 |      15 |  39.5
        D:4 |     255 |      91 |  26.3 |      12 |       1 |   7.7
            +---------+---------+-------+---------+---------+-------
